 Dungeon Sprint DCSS version 0.16-a0-3827-g034e2a6 (webtiles) character file.

472493 BluebellGnoll the Conqueror (level 23, 279/393 HPs)
             Began as a Deep Dwarf Hunter on Jan 29, 2015.
             Was the Champion of Elyvilon.
             Escaped with the Orb!
             The game lasted 02:23:42 (6066 turns).

BluebellGnoll the Conqueror (Deep Dwarf Hunter)     Turns: 6066, Time: 02:23:43

Health: 279/393    AC: 49    Str: 34    XL:     23   Next: 40%
Magic:  22/22      EV: 35    Int: 21    God:    Elyvilon [******]
Gold:   1985       SH: 42    Dex: 29    Spells: 0 memorised, 22 levels left

rFire  + + +     SeeInvis +     V - +8 broad axe (freeze)
rCold  + + +     Clarity  .     G - +12 gold dragon armour
rNeg   + . .     SustAb   .     A - +12 large shield of Wuka {rF++ rC+ Str+3 Int-3}
rPois  +         Gourm    +     K - +3 hat of the Harp {rPois+ Int+4}
rElec  +         Spirit   .     D - +2 cloak of True Grit {+Fly rElec Int-2}
rCorr  +         Warding  .     J - +1 pair of gloves "Smezutt" {rC++ Dex+6}
rMut   .         NoTele   +     (no boots)
MR     ++++.                    F - amulet of the gourmand
Stlth  ..........               a - ring of the Lobster {rC- MR++ Str+6 Int+6 SInv} (curse)
                                I - ring "Cestuypn" {rF+ MR- Int+3 Slay+4}

@: mighty, agile, divinely vigorous, resistant, very slightly contaminated,
non-regenerating, hasted, very quick, incredibly resistant to hostile
enchantments, extremely unstealthy
A: damage resistance, recharge devices, negative energy resistance 1, sense
surroundings 3, slow healing 3, placid magic 1
a: Device Recharging, Lesser Healing, Lesser Self-Healing, Divine Protection,
Purification, Greater Healing, Greater Self-Healing, Divine Vigour, Renounce
Religion, Evoke Flight
0: Orb of Zot
}: 7/15 runes: serpentine, slimy, silver, obsidian, magical, gossamer, mossy


You escaped.
You worshipped Elyvilon.
Elyvilon was exalted by your worship.
You were full.

You visited 1 branch You collected 17260 gold pieces.
You spent 15275 gold pieces at shops.

Inventory:

Hand weapons
 y - the cursed +10 broad axe of Perfectionism {distort, rN+}
   (You found it in the Dungeon)

   It warps and distorts space around it.
   Unwielding it can cause banishment or high damage.
   It protects you from negative energy.
   It has a curse placed upon it.
 V - a +8 broad axe of freezing (weapon)
Missiles
 b - 42 javelins
 c - a throwing net
 C - 7 tomahawks
 S - 39 javelins of penetration
 T - 18 javelins of returning (quivered)
Armour
 A - the +12 large shield of Wuka (worn) {rF++ rC+ Str+3 Int-3}
   (You bought it in a shop in the Dungeon)

   It affects your strength (+3).
   It affects your intelligence (-3).
   It greatly protects you from fire.
   It protects you from cold.
 D - the +2 cloak of True Grit (worn) {+Fly rElec Int-2}
   (You bought it in a shop in the Dungeon)

   It affects your intelligence (-2).
   It insulates you from electricity.
   It lets you fly.
 G - a +12 gold dragon armour (worn)
 J - the +1 pair of gloves "Smezutt" (worn) {rC++ Dex+6}
   (You bought it in a shop in the Dungeon)

   It affects your dexterity (+6).
   It greatly protects you from cold.
 K - the +3 hat of the Harp (worn) {rPois+ Int+4}
   (You bought it in a shop in the Dungeon)

   It affects your intelligence (+4).
   It protects you from poison.
Rods
 Q - a +0 lightning rod (14/14)
   (You bought it in a shop in the Dungeon)
 U - a +1 rod of ignition (14/14)
   (You found it in the Dungeon)
Jewellery
 a - the cursed ring of the Lobster (right hand) {rC- MR++ Str+6 Int+6 SInv}
   (You bought it in a shop in the Dungeon)

   [ring of strength]

   It affects your strength (+6).
   It affects your intelligence (+6).
   It makes you vulnerable to cold.
   It affects your resistance to hostile enchantments.
   It enhances your eyesight.
   It has a curse placed upon it.
 r - the amulet of Ottuda Hurr {rCorr -Tele +Inv rC+ rN+ Str-4}
   (You bought it in a shop in the Dungeon)

   [amulet of resist corrosion]

   It protects you from acid and corrosion.
   It affects your strength (-4).
   It protects you from cold.
   It protects you from negative energy.
   It lets you turn invisible.
   It prevents most forms of teleportation.
 s - the ring "Ihuwefre" {rPois+ MR+ Str+5 Int+2}
   (You bought it in a shop in the Dungeon)

   [ring of protection from magic]

   It affects your strength (+5).
   It affects your intelligence (+2).
   It protects you from poison.
   It affects your resistance to hostile enchantments.
 t - the ring of Conformity {Ice Int+3}
   (You bought it in a shop in the Dungeon)

   [ring of ice]

   It enhances your ice magic, and weakens your fire magic.
   It affects your intelligence (+3).
   It makes you vulnerable to fire.
   It protects you from cold.
 u - the ring "Skutepp" {Wiz rF+}
   (You bought it in a shop in the Dungeon)

   [ring of wizardry]

   It improves your spell success rate.
   It protects you from fire.
 v - the ring of Joy {rElec rF+ MR- EV-3 Int+2 Stlth+}
   (You bought it in a shop in the Dungeon)

   [ring of evasion]

   It affects your evasion (-3).
   It affects your intelligence (+2).
   It protects you from fire.
   It insulates you from electricity.
   It affects your resistance to hostile enchantments.
   It makes you more stealthy.
 x - the ring of Neurosis {Str+6 Int+9 Dex-2 Stlth+}
   (You bought it in a shop in the Dungeon)

   [ring of strength]

   It affects your strength (+6).
   It affects your intelligence (+9).
   It affects your dexterity (-2).
   It makes you more stealthy.
 B - the amulet of Dim Light {Inacc +Inv MR+ MP+9 Int+4}
   (You bought it in a shop in the Dungeon)

   [amulet of inaccuracy]

   It reduces the accuracy of all your attacks.
   It affects your intelligence (+4).
   It affects your resistance to hostile enchantments.
   It affects your magic capacity (+9).
   It lets you turn invisible.
 F - an amulet of the gourmand (around neck)
 I - the ring "Cestuypn" (left hand) {rF+ MR- Int+3 Slay+4}
   (You bought it in a shop in the Dungeon)

   [ring of protection from fire]

   It affects your intelligence (+3).
   It affects your accuracy and damage with ranged weapons and melee attacks
   (+4).
   It protects you from fire.
   It affects your resistance to hostile enchantments.
 M - the ring "Dyobrye Klatz" {+Fly MR+ Str+7 Dex-4, unknown}
   (You bought it in a shop in the Dungeon)

   [ring of flight]

   It affects your strength (+7).
   It affects your dexterity (-4).
   It affects your resistance to hostile enchantments.
   It lets you fly.
 R - the ring "Tudekhlyn" {rN+ MR+ MP+9 Str-4 Int+5 Dex+6}
   (You bought it in a shop in the Dungeon)

   [ring of intelligence]

   It affects your strength (-4).
   It affects your intelligence (+5).
   It affects your dexterity (+6).
   It protects you from negative energy.
   It affects your resistance to hostile enchantments.
   It affects your magic capacity (+9).
 W - an uncursed amulet of clarity
 X - the ring "Roxo" {rPois+ rC- rN+ MR+, unknown}
   (You bought it in a shop in the Dungeon)

   [ring of poison resistance]

   It makes you vulnerable to cold.
   It protects you from poison.
   It protects you from negative energy.
   It affects your resistance to hostile enchantments.
Magical devices
 e - a wand of heal wounds (4)
 m - a wand of cold (8)
 n - a wand of fire (3)
 q - a wand of invisibility (5)
 E - a wand of digging (11)
 H - a wand of enslavement (6)
 Z - a wand of hasting (5)
Scrolls
 l - 2 scrolls of blinking
 o - 3 scrolls of fog
 z - 12 scrolls of remove curse
 P - 3 scrolls of recharging
Potions
 g - 5 potions of curing
 h - 4 potions of heal wounds
 i - a potion of haste
 j - 3 potions of magic
 k - 5 potions of berserk rage
 p - 12 potions of resistance
 L - a potion of cure mutation
 N - 3 potions of might
 O - 3 potions of agility
Comestibles
 d - a chunk of flesh
 f - a bread ration
 w - 47 royal jellies


   Skills:
 O Level 27 Fighting
 - Level 25.6 Axes
 - Level 20.4 Throwing
 O Level 27 Armour
 + Level 22.5 Dodging
 - Level 1.2 Stealth
 O Level 27 Shields
 O Level 27 Invocations
 O Level 27 Evocations


You had 22 spell levels left.
You didn't know any spells.

Dungeon Overview and Level Annotations

Branches:
Dungeon (1/1)

Altars:
Cheibriados
Dithmenos
Elyvilon
Fedhas
Gozag
Kikubaaqudgha
Makhleb
Nemelex Xobeh
Okawaru
Qazlal
Ru
Sif Muna
Trog
Vehumet
Xom
Yredelemnul
Zin
The Shining One
Jiyva
Lugonu

Shops:
D [??*?*:[((!!!!


Innate Abilities, Weirdness & Mutations

You are resistant to damage.
You can recharge devices by infusing magical energy.
You resist negative energy.
You passively map a large area around you.
You do not heal naturally.
Your spells are a little easier to cast, but a little less powerful.


Message History

Okay, then.
Unknown command.
Y - 2 potions of experience (gained 1)
You pick up the magical rune and feel its power.
You now have 7 runes.
Press } to see all the runes you have collected.
You now have 1985 gold pieces (gained 1650).
You can't carry that many items.
Things that are here:
a leather armour; a spear of piercing
T - 18 javelins of returning (gained 1)
There is a staircase leading out of the dungeon here.
Drink which item? (? for menu, Esc to quit)
You feel more experienced!
Your Dodging skill increases to level 22!
You have reached level 22!
Drink which item? (? for menu, Esc to quit)
You feel more experienced!
You have reached level 23!
You have escaped!

#_)§.§..._# ###[..§§)[..###
#⌠..)........⌠#
######.8.[.......8.######
##∩___.."...###...(((___∩##
###=..)...).8..##.8........∩###
##......(.)([[[..#...()[.......##
#⌠....[..[.)###...###)[........⌠#
#⌠....[:.[.[# #)@.# #)[......[.⌠#
#⌠....(...[[###...###)[[.......⌠#
##..........[..###..))[[.......##
###∩.(.[.)..8.# #.8.)[..§..∩###
##∩___.(....###[).)..___∩##
######.8......[.[8.######
#⌠......|....⌠# ###.........###
#()([.....#


There were no monsters in sight!

Vanquished Creatures
  Asmodeus (D)
  Lom Lobon (D)
  3 ancient liches (D)
  Agnes (D)
  4 Killer Klowns (D)
  Arachne (D)
  A Brimstone Fiend (D)
  An electric golem (D)
  3 liches (D)
  14 Orb Guardians (D)
  5 pandemonium lords (D)
  10 sphinxes (D)
  2 Executioners (D)
  A shadow dragon (D)
  A greater naga (D)
  5 daevas (D)
  A storm dragon (D)
  An iron dragon (D)
  A warmonger (D)
  3 ghost moths (D)
  12 angels (D)
  A balrug (D)
  A cacodemon (D)
  2 reapers (D)
  A blood saint (D)
  An anaconda (D)
  13 lorocyprocas (D)
  4 green deaths (D)
  A vault guard (D)
  11 ettins (D)
  8 merfolk javelineers (D)
  3 merfolk impalers (D)
  3 fire dragons (D)
  An ice dragon (D)
  9 naga warriors (D)
  A merfolk aquamancer (D)
  A hell beast (D)
  2 merfolk avatars (D)
  A satyr (D)
  4 vampire magi (D)
  A shock serpent (D)
  2 soul eaters (D)
  5 sun demons (D)
  11 catoblepae (D)
  A cherub (D)
  2 ice devils (D)
  12 ball lightnings (D)
  A lindwurm (shapeshifter) (D)
  3 infernal demonspawn (D)
  An anubis guard (D)
  A gelid demonspawn (D)
  A putrid demonspawn (D)
  2 torturous demonspawn (D)
  An anubis guard (shapeshifter) (D)
  11 harpies (D)
  A shining eye (shapeshifter) (D)
  A shining eye (D)
  7 moths of wrath (D)
  5 ugly things (D)
  A siren (D)
  An elephant (shapeshifter) (D)
  A wolf spider (shapeshifter) (D)
  A manticore (shapeshifter) (D)
  5 sixfirhies (D)
  5 naga magi (D)
  4 smoke demons (D)
  A rust devil (D)
  A torpor snail (shapeshifter) (D)
  A hellion (D)
  2 orange demons (D)
  An efreet (D)
  4 deep elf priests (D)
  7 hellwings (D)
  2 blue devils (D)
  4 polar bears (D)
  2 merfolk (D)
  2 red devils (D)
  2 slime creatures (D)
  A jumping spider (shapeshifter) (D)
  2 ynoxinuls (D)
  4 large abominations (D)
  A blink frog (D)
  A water elemental (D)
  2 flying skulls (D)
  A redback (D)
  A wraith (D)
  3 deep elf magi (D)
  3 golden eyes (D)
  3 chaos spawn (D)
  A hungry ghost (D)
  14 neqoxecs (D)
  A hell hound (D)
  A naga (D)
  A porcupine (D)
  5 eyes of draining (D)
  A water moccasin (D)
  3 giant frogs (D)
  A crimson imp (D)
  2 quasits (D)
  2 iron imps (D)
  3 jellies (D)
  A hell rat (D)
  13 giant spores (D)
  2 mummies (D)
  A river rat (D)
  3 giant eyeballs (D)
  An ufetubus (D)
  2 adder skeletons (D)
  2 oozes (D)
  A bat skeleton (D)
  2 hobgoblins (D)
  A quokka (D)
  A ball python zombie (D)
  A giant cockroach zombie (D)
  A giant newt (D)
  A rat (D)
  29 ballistomycetes (D)
375 creatures vanquished.

Vanquished Creatures (others)
  A great orb of eyes (D)
  A lich (D)
  2 daevas (D)
  An angel (D)
  A green death (D)
  An anaconda (shapeshifter) (D)
  4 catoblepae (D)
  8 ball lightnings (D)
  An elephant (shapeshifter) (D)
  An orange demon (D)
  A queen ant (shapeshifter) (D)
  3 smoke demons (D)
  2 rust devils (D)
  2 red devils (D)
  A golden eye (D)
  A large abomination (D)
  A naga zombie (D)
  2 giant spores (D)
  An adder skeleton (D)
  A rat (D)
  2 ballistomycetes (D)
38 creatures vanquished.

Grand Total: 413 creatures vanquished

Notes
Turn   | Place    | Note
--------------------------------------------------------------
     0 | D        | BluebellGnoll, the Deep Dwarf Hunter, began the quest for the Orb.
     0 | D        | Reached XP level 1. HP: 19/19 MP: 1/1
     1 | D        | Found a corrupted altar of Lugonu.
     1 | D        | Found a bloodstained altar of Trog.
     2 | D        | Found a viscous altar of Jiyva.
     2 | D        | Found a deep blue altar of Sif Muna.
     3 | D        | Found a basalt altar of Yredelemnul.
     3 | D        | Found a glowing silver altar of Zin.
     4 | D        | Found Shettogg's Distillery.
     4 | D        | Found Koyg's Distillery.
     4 | D        | Found an iron altar of Okawaru.
     4 | D        | Found a burning altar of Makhleb.
     5 | D        | Found Thiceexe's Bottled Wisdom.
     5 | D        | Found an ancient bone altar of Kikubaaqudgha.
     5 | D        | Found Ywneab's Do-It-Yourself Clinic.
     5 | D        | Round 1.
     8 | D        | Found a blossoming altar of Fedhas.
     9 | D        | Found Cumafoag's Weapon Rack.
    10 | D        | Found Wigek's Basic Armour.
    14 | D        | Found a sacrificial altar of Ru.
    14 | D        | Found Qaifuh's Miscellaneous Merchandise.
    16 | D        | Found Ashe The's Premium Goods.
    18 | D        | Bought a +0 broad axe for 120 gold pieces
    24 | D        | Found a shadowy altar of Dithmenos.
    25 | D        | Found a stormy altar of Qazlal.
    25 | D        | Found a glowing golden altar of the Shining One.
    26 | D        | Found Hyduy's Identification Station.
    27 | D        | Found Jacalil's Advanced Armour.
    27 | D        | Found a sparkling altar of Nemelex Xobeh.
    28 | D        | Found a shimmering altar of Xom.
    28 | D        | Found an opulent altar of Gozag.
    29 | D        | Found Soraopsi's Jewellery.
    29 | D        | Found Imaz's Bee Food.
    31 | D        | Found a snail-covered altar of Cheibriados.
    32 | D        | Found a radiant altar of Vehumet.
    32 | D        | Found a white marble altar of Elyvilon.
    33 | D        | Found Reoreed's Magic Scroll Shop.
    34 | D        | Found Noiluossuy's Magic Scroll Shop.
    38 | D        | Found Xairch's Must-Have Magic.
    40 | D        | Found Qastio's Staff Store.
    41 | D        | Became a worshipper of Elyvilon the Healer
    43 | D        | Reached skill level 5 in Evocations
    43 | D        | Reached XP level 2. HP: 26/26 MP: 0/3
    55 | D        | Bought a fine lead amulet for 45 gold pieces
    55 | D        | Identified the amulet "Guonguc" {Faith Int+3} (You bought it in a shop in the Dungeon)
    69 | D        | Reached skill level 1 in Invocations
    72 | D        | Noticed a porcupine
    73 | D        | Killed a porcupine
    73 | D        | Reached skill level 10 in Invocations
    73 | D        | Reached XP level 3. HP: 27/32 MP: 1/10
    73 | D        | Reached XP level 4. HP: 32/39 MP: 1/13
    87 | D        | Acquired Elyvilon's first power
    90 | D        | Noticed a porcupine
    92 | D        | Acquired Elyvilon's second power
    93 | D        | Pacified a porcupine
    93 | D        | Reached XP level 5. HP: 36/45 MP: 2/15
   115 | D        | Arena points: 14 (+14) [x2]
   128 | D        | Bought a bound sapphire amulet for 45 gold pieces
   128 | D        | Identified the amulet of Ottuda Hurr {rCorr -Tele +Inv rC+ rN+ Str-4} (You bought it in a shop in the Dungeon)
   140 | D        | Round 2.
   180 | D        | Noticed a water moccasin
   183 | D        | Pacified a water moccasin
   183 | D        | Acquired Elyvilon's third power
   222 | D        | Noticed a water moccasin
   224 | D        | Pacified a water moccasin
   224 | D        | Reached skill level 5 in Axes
   224 | D        | Reached XP level 6. HP: 40/58 MP: 15/18
   243 | D        | Arena points: 56 (+42) [x3]
   253 | D        | Bought a heavily runed steel ring for 45 gold pieces
   253 | D        | Identified the ring "Ihuwefre" {rPois+ MR+ Str+5 Int+2} (You bought it in a shop in the Dungeon)
   268 | D        | Round 3.
   293 | D        | Reached skill level 10 in Evocations
   364 | D        | Reached skill level 11 in Evocations
   401 | D        | Arena points: 140 (+84) [x4]
   407 | D        | Bought a twitching lead ring for 45 gold pieces
   407 | D        | Bought a smoking platinum ring for 45 gold pieces
   407 | D        | Identified the ring of the Lobster {rC- MR++ Str+6 Int+6 SInv} (You bought it in a shop in the Dungeon)
   409 | D        | Identified the ring of Conformity {Ice Int+3} (You bought it in a shop in the Dungeon)
   411 | D        | Bought a twitching copper ring for 45 gold pieces
   411 | D        | Identified the ring "Skutepp" {Wiz rF+} (You bought it in a shop in the Dungeon)
   453 | D        | Round 4.
   483 | D        | Noticed a blink frog
   485 | D        | Pacified a blink frog
   485 | D        | Reached skill level 13 in Evocations
   486 | D        | Noticed a spiny frog
   487 | D        | Pacified a spiny frog
   487 | D        | Reached skill level 14 in Evocations
   487 | D        | Reached XP level 7. HP: 59/66 MP: 16/20
   487 | D        | Acquired Elyvilon's fourth power
   497 | D        | Noticed a blink frog
   500 | D        | Reached skill level 15 in Evocations
   503 | D        | Pacified a blink frog
   503 | D        | Reached skill level 16 in Evocations
   510 | D        | Noticed a blink frog
   514 | D        | Killed a blink frog
   514 | D        | Reached skill level 17 in Evocations
   574 | D        | Arena points: 300 (+160) [x5]
   574 | D        | Reached skill level 18 in Evocations
   574 | D        | Reached XP level 8. HP: 27/73 MP: 24/24
   605 | D        | Bought 3 royal jellies for 24 gold pieces
   606 | D        | Bought a scorched bronze ring for 45 gold pieces
   606 | D        | Round 5.
   607 | D        | Identified the ring of Neurosis {Str+6 Int+9 Dex-2 Stlth+} (You bought it in a shop in the Dungeon)
   617 | D        | Noticed a giant anaconda
   624 | D        | Killed a giant anaconda
   624 | D        | Arena points: 545 (+245) [x7]
   624 | D        | Reached skill level 21 in Evocations
   625 | D        | Got a slimy broad axe
   625 | D        | Got a serpentine rune of Zot
   626 | D        | Identified the +10 broad axe of Perfectionism {distort, rN+} (You found it in the Dungeon)
   641 | D        | Bought a faintly humming large shield for 332 gold pieces
   646 | D        | Identified the +12 large shield of Wuka {rF++ rC+ Str+3 Int-3} (You bought it in a shop in the Dungeon)
   659 | D        | Gained mutation: You passively map the area around you. [level up]
   659 | D        | Reached XP level 9. HP: 58/80 MP: 25/25
   812 | D        | Round 6.
   826 | D        | Noticed a cyan ugly thing
   827 | D        | Pacified a cyan ugly thing
   827 | D        | Reached XP level 10. HP: 68/87 MP: 26/26
   834 | D        | Noticed a red ugly thing
   835 | D        | Pacified a red ugly thing
   903 | D        | Noticed a green ugly thing
   908 | D        | Killed a green ugly thing
   910 | D        | Noticed a white ugly thing
   912 | D        | Killed a white ugly thing
   927 | D        | Noticed a white ugly thing
   931 | D        | Noticed a cyan ugly thing
   933 | D        | Killed a white ugly thing
   935 | D        | Killed a cyan ugly thing
   935 | D        | Reached skill level 10 in Fighting
   940 | D        | Noticed a red ugly thing
   948 | D        | Killed a red ugly thing
   948 | D        | Arena points: 929 (+384) [x8]
   965 | D        | Bought a pair of brightly glowing boots for 332 gold pieces
   970 | D        | Identified the cursed -3 pair of boots of Sheog {rElec rPois- Dex+4} (You bought it in a shop in the Dungeon)
   977 | D        | Bought 3 royal jellies for 24 gold pieces
  1012 | D        | Round 7.
  1111 | D        | Reached skill level 22 in Evocations
  1132 | D        | Arena points: 1433 (+504) [x9]
  1169 | D        | Round 8.
  1219 | D        | Reached XP level 11. HP: 92/110 MP: 24/24
  1313 | D        | Arena points: 2233 (+800) [x10]
  1324 | D        | Bought 15 scrolls of remove curse for 450 gold pieces
  1347 | D        | Bought 3 scrolls of identify for 150 gold pieces
  1354 | D        | Bought a sparkling ruby amulet for 45 gold pieces
  1354 | D        | Identified the amulet of Dim Light {Inacc +Inv MR+ MP+9 Int+4} (You bought it in a shop in the Dungeon)
  1359 | D        | Round 9.
  1419 | D        | Reached skill level 23 in Evocations
  1420 | D        | Noticed a naga ritualist
  1422 | D        | Pacified a naga ritualist
  1459 | D        | Reached skill level 15 in Invocations
  1465 | D        | Arena points: 3124 (+891) [x11]
  1482 | D        | Bought a pair of slimy boots for 332 gold pieces
  1487 | D        | Identified the cursed -3 pair of boots of Yzxu {MR++} (You bought it in a shop in the Dungeon)
  1513 | D        | Bought 3 royal jellies for 24 gold pieces
  1513 | D        | Bought 3 royal jellies for 24 gold pieces
  1540 | D        | Round 10.
  1540 | D        | Noticed Arachne
  1550 | D        | Killed Arachne
  1550 | D        | Arena points: 4294 (+1170) [x13]
  1550 | D        | Reached skill level 24 in Evocations
  1551 | D        | Got a gossamer rune of Zot
  1565 | D        | Bought an uncursed amulet of the gourmand for 450 gold pieces
  1760 | D        | Round 11.
  1771 | D        | Noticed a naga warrior
  1773 | D        | Pacified a naga warrior
  1776 | D        | Noticed a naga warrior
  1777 | D        | Noticed a naga ritualist
  1778 | D        | Pacified a naga ritualist
  1784 | D        | Killed a naga warrior
  1835 | D        | Noticed a naga warrior
  1846 | D        | Killed a naga warrior
  1878 | D        | Noticed a naga warrior
  1882 | D        | Noticed a naga warrior
  1886 | D        | Killed a naga warrior
  1886 | D        | Reached XP level 12. HP: 111/118 MP: 25/25
  1888 | D        | Reached skill level 25 in Evocations
  1904 | D        | Killed a naga warrior
  1921 | D        | Arena points: 4415 (+121) [x1]
  1936 | D        | Round 12.
  1946 | D        | Reached skill level 10 in Shields
  1949 | D        | Noticed a greater naga
  1953 | D        | Noticed a naga warrior
  1954 | D        | Killed a greater naga
  1955 | D        | Noticed a naga warrior
  1956 | D        | Noticed a naga warrior
  1958 | D        | Killed a naga warrior
  1969 | D        | Killed a naga warrior
  1974 | D        | Killed a naga warrior
  1979 | D        | Noticed a naga warrior
  1984 | D        | Killed a naga warrior
  1984 | D        | Reached skill level 15 in Shields
  1987 | D        | Noticed a naga warrior
  1991 | D        | Killed a naga warrior
  1993 | D        | Arena points: 4703 (+288) [x2]
  2008 | D        | Round 13.
  2078 | D        | Noticed a merfolk impaler
  2084 | D        | Pacified a merfolk impaler
  2092 | D        | Noticed a merfolk avatar
  2094 | D        | Pacified a merfolk avatar
  2134 | D        | Noticed a merfolk avatar
  2139 | D        | Killed a merfolk avatar
  2142 | D        | Noticed a merfolk avatar
  2145 | D        | Killed a merfolk avatar
  2145 | D        | Arena points: 5171 (+468) [x3]
  2145 | D        | Reached XP level 13. HP: 119/126 MP: 22/22
  2192 | D        | Bought a +0 gold dragon armour for 960 gold pieces
  2193 | D        | Round 14.
  2247 | D        | Arena points: 5731 (+560) [x4]
  2262 | D        | Round 15.
  2284 | D        | Noticed Agnes
  2299 | D        | Killed Agnes
  2299 | D        | Arena points: 6721 (+990) [x6]
  2300 | D        | Got a mossy rune of Zot
  2327 | D        | Bought 4 scrolls of enchant armour for 300 gold pieces
  2327 | D        | Bought 4 scrolls of enchant armour for 300 gold pieces
  2339 | D        | Gained mutation: You resist negative energy. [level up]
  2339 | D        | Reached XP level 14. HP: 193/193 MP: 19/19
  2340 | D        | Reached XP level 15. HP: 203/203 MP: 21/21
  2366 | D        | Bought a quad damage for 400 gold pieces
  2380 | D        | Bought a flickering glass ring for 45 gold pieces
  2380 | D        | Bought a wavering golden ring for 45 gold pieces
  2381 | D        | Identified the ring "Cestuypn" {rF+ MR- Int+3 Slay+4} (You bought it in a shop in the Dungeon)
  2383 | D        | Identified the cursed ring of Joy {rElec rF+ MR- EV-3 Int+2 Stlth+} (You bought it in a shop in the Dungeon)
  2481 | D        | Round 16.
  2580 | D        | Reached skill level 10 in Armour
  2628 | D        | Arena points: 8177 (+1456) [x7]
  2662 | D        | Bought a distressingly furry cloak for 332 gold pieces
  2662 | D        | Bought a pair of distressingly furry gloves for 332 gold pieces
  2662 | D        | Bought a jewelled hat for 315 gold pieces
  2667 | D        | Identified the +3 hat of the Harp {rPois+ Int+4} (You bought it in a shop in the Dungeon)
  2672 | D        | Identified the +2 cloak of True Grit {+Fly rElec Int-2} (You bought it in a shop in the Dungeon)
  2675 | D        | Round 17.
  2677 | D        | Identified the +1 pair of gloves "Smezutt" {rC++ Dex+6} (You bought it in a shop in the Dungeon)
  2839 | D        | Arena points: 8449 (+272) [x1]
  2856 | D        | Round 18.
  2888 | D        | Bought 4 potions of curing for 84 gold pieces
  2917 | D        | Reached skill level 10 in Axes
  2925 | D        | Gained mutation: You are weak. (Str -2) [a neqoxec]
  2933 | D        | Gained mutation: Armour fits poorly on your strangely shaped body. [a neqoxec]
  2965 | D        | Arena points: 8989 (+540) [x2]
  2982 | D        | Bought 2 potions of cure mutation for 490 gold pieces
  2982 | D        | Lost mutation: You are weak. (Str -2) [potion of cure mutation]
  2982 | D        | Lost mutation: Armour fits poorly on your strangely shaped body. [potion of cure mutation]
  3022 | D        | Round 19.
  3181 | D        | Arena points: 9901 (+912) [x3]
  3209 | D        | Round 20.
  3216 | D        | Bought 6 potions of might for 168 gold pieces
  3216 | D        | Bought 6 potions of agility for 168 gold pieces
  3281 | D        | Arena points: 11101 (+1200) [x5]
  3282 | D        | Got a slimy rune of Zot
  3285 | D        | Reached skill level 5 in Throwing
  3285 | D        | Reached XP level 16. HP: 149/152 MP: 9/12
  3308 | D        | Bought 4 scrolls of enchant armour for 300 gold pieces
  3332 | D        | Bought 3 scrolls of identify for 150 gold pieces
  3333 | D        | Bought a brightly glowing cloak for 332 gold pieces
  3333 | D        | Identified the cursed -2 cloak "Bleotyps" {+Blink rElec rN+ Int+5 Dex-2} (You bought it in a shop in the Dungeon)
  3335 | D        | Bought a brightly glowing helmet for 332 gold pieces
  3335 | D        | Identified the +2 helmet "Cheyk" {Int+4} (You bought it in a shop in the Dungeon)
  3494 | D        | Round 21.
  3553 | D        | Noticed a greater mummy
  3561 | D        | Pacified a greater mummy
  3571 | D        | Reached skill level 15 in Fighting
  3612 | D        | Arena points: 12865 (+1764) [x6]
  3634 | D        | Bought 3 scrolls of recharging for 285 gold pieces
  3634 | D        | Bought 3 scrolls of recharging for 285 gold pieces
  3648 | D        | Bought a shiny helmet for 157 gold pieces
  3659 | D        | Round 22.
  3698 | D        | Noticed a golden dragon
  3699 | D        | Noticed a golden dragon
  3701 | D        | Noticed a golden dragon
  3701 | D        | Pacified a golden dragon
  3702 | D        | Noticed a quicksilver dragon
  3702 | D        | Pacified a quicksilver dragon
  3702 | D        | Reached XP level 17. HP: 236/240 MP: 12/15
  3704 | D        | Pacified a golden dragon
  3706 | D        | Pacified a golden dragon
  3715 | D        | Noticed a golden dragon
  3716 | D        | Pacified a golden dragon
  3797 | D        | Arena points: 15329 (+2464) [x7]
  3845 | D        | Bought a translucent silver ring for 45 gold pieces
  3845 | D        | Bought a slimy steel ring for 45 gold pieces
  3845 | D        | Round 23.
  3980 | D        | Reached skill level 10 in Throwing
  4024 | D        | Arena points: 15720 (+391) [x1]
  4039 | D        | Round 24.
  4057 | D        | Gained mutation: Your spells are a little easier to cast, but a little less powerful. [a shining eye]
  4091 | D        | Arena points: 16536 (+816) [x2]
  4123 | D        | Round 25.
  4124 | D        | Noticed Mennas
  4165 | D        | Banished Mennas
  4165 | D        | Arena points: 18036 (+1500) [x4]
  4165 | D        | Reached skill level 15 in Throwing
  4166 | D        | Got a silver rune of Zot
  4167 | D        | Gained mutation: You passively map a large area around you. [level up]
  4167 | D        | Reached XP level 18. HP: 156/281 MP: 12/15
  4177 | D        | Bought 8 scrolls of enchant weapon for 600 gold pieces
  4177 | D        | Bought a scroll of brand weapon for 200 gold pieces
  4202 | D        | Identified a +1 rod of ignition (14/14) (You found it in the Dungeon)
  4205 | D        | Bought 3 scrolls of recharging for 285 gold pieces
  4240 | D        | Identified the ring "Tudekhlyn" {rN+ MR+ MP+9 Str-4 Int+5 Dex+6} (You bought it in a shop in the Dungeon)
  4241 | D        | Identified the ring of Elitism {Wiz Str+4 Dex+3 Stlth-} (You bought it in a shop in the Dungeon)
  4254 | D        | Bought 3 scrolls of identify for 150 gold pieces
  4297 | D        | Bought a +0 lightning rod (14/14) for 665 gold pieces
  4304 | D        | Bought 3 scrolls of recharging for 285 gold pieces
  4367 | D        | Bought an uncursed amulet of clarity for 300 gold pieces
  4380 | D        | Round 26.
  4556 | D        | Arena points: 20376 (+2340) [x5]
  4572 | D        | Bought 5 potions of haste for 350 gold pieces
  4573 | D        | Bought 6 potions of might for 168 gold pieces
  4573 | D        | Bought 6 potions of agility for 168 gold pieces
  4583 | D        | Round 27.
  4597 | D        | Noticed a Killer Klown
  4619 | D        | Killed a Killer Klown
  4690 | D        | Noticed an ancient lich
  4696 | D        | Noticed a Killer Klown
  4701 | D        | Killed an ancient lich
  4701 | D        | Reached XP level 19. HP: 279/291 MP: 8/16
  4706 | D        | Noticed a Killer Klown
  4707 | D        | Killed a Killer Klown
  4713 | D        | Noticed an ancient lich
  4738 | D        | Killed an ancient lich
  4741 | D        | Killed a Killer Klown
  4748 | D        | Noticed a Killer Klown
  4754 | D        | Killed a Killer Klown
  4766 | D        | Noticed Tiamat
  4766 | D        | Reached skill level 26 in Fighting
  4783 | D        | Noticed a Killer Klown
  4796 | D        | Arena points: 20808 (+432) [x1]
  4879 | D        | Bought 3 royal jellies for 24 gold pieces
  4879 | D        | Bought 3 royal jellies for 24 gold pieces
  4879 | D        | Bought 3 royal jellies for 24 gold pieces
  4879 | D        | Bought 3 royal jellies for 24 gold pieces
  4879 | D        | Bought 3 royal jellies for 24 gold pieces
  4879 | D        | Bought 3 royal jellies for 24 gold pieces
  4879 | D        | Bought 3 royal jellies for 24 gold pieces
  4879 | D        | Bought 3 royal jellies for 24 gold pieces
  4879 | D        | Bought 3 royal jellies for 24 gold pieces
  4879 | D        | Bought 3 royal jellies for 24 gold pieces
  4879 | D        | Bought 3 royal jellies for 24 gold pieces
  4879 | D        | Bought 3 royal jellies for 24 gold pieces
  4879 | D        | Bought 3 royal jellies for 24 gold pieces
  4901 | D        | Bought 6 potions of resistance for 420 gold pieces
  4901 | D        | Bought 6 potions of resistance for 420 gold pieces
  4901 | D        | Bought 5 potions of berserk rage for 175 gold pieces
  4926 | D        | Bought a warped iron ring for 45 gold pieces
  4926 | D        | Bought a crude iron ring for 45 gold pieces
  4926 | D        | Identified the ring of the Queen {rElec Int+2 Dex+2 SInv} (You bought it in a shop in the Dungeon)
  4930 | D        | Identified the ring "Koviogu" {rElec rC- Dex+4 Stlth-} (You bought it in a shop in the Dungeon)
  4932 | D        | Bought a scorched glass ring for 45 gold pieces
  4932 | D        | Bought a coiled turquoise ring for 45 gold pieces
  4932 | D        | Bought a slimy silver ring for 45 gold pieces
  4932 | D        | Identified the ring of Ygunov {rPois- rF+ rC+ rN+ Str+2} (You bought it in a shop in the Dungeon)
  5000 | D        | Round 28.
  5107 | D        | Reached skill level 27 in Fighting
  5161 | D        | Reached skill level 27 in Evocations
  5169 | D        | Arena points: 21256 (+448) [x1]
  5184 | D        | Round 29.
  5280 | D        | Arena points: 22474 (+1218) [x2]
  5295 | D        | Round 30.
  5340 | D        | Noticed Asmodeus
  5379 | D        | Killed Asmodeus
  5379 | D        | Arena points: 24394 (+1920) [x4]
  5380 | D        | Got an obsidian rune of Zot
  5394 | D        | Got the Orb of Zot
  5445 | D        | Reached XP level 20. HP: 114/330 MP: 10/18
  5473 | D        | Noticed Vuukomeh the pandemonium lord
  5487 | D        | Killed Vuukomeh the pandemonium lord
  5492 | D        | Reached skill level 27 in Invocations
  5537 | D        | Reached skill level 15 in Armour
  5601 | D        | Round 31.
  5681 | D        | Bought a wand of invisibility (5) for 180 gold pieces
  5681 | D        | Bought a wand of hasting (5) for 1080 gold pieces
  5681 | D        | Bought a quad damage for 400 gold pieces
  5681 | D        | Bought a quad damage for 400 gold pieces
  5682 | D        | Arena points: 35678 (+11284) [x28]
  5697 | D        | Round 32.
  5712 | D        | Noticed Tweoneto the pandemonium lord
  5718 | D        | Killed Tweoneto the pandemonium lord
  5765 | D        | Reached skill level 27 in Armour
  5845 | D        | Was placed under penance by Elyvilon
  5870 | D        | Was forgiven by Elyvilon
  5909 | D        | Arena points: 51230 (+15552) [x27]
  5917 | D        | Noticed Shielili the pandemonium lord
  5917 | D        | Noticed an ancient lich
  5925 | D        | Round 33.
  5927 | D        | Killed Shielili the pandemonium lord
  5928 | D        | Noticed Vubb the pandemonium lord
  5931 | D        | Killed an ancient lich
  5931 | D        | Reached XP level 21. HP: 190/366 MP: 18/21
  5942 | D        | Killed Vubb the pandemonium lord
  5942 | D        | Reached skill level 27 in Shields
  5968 | D        | Noticed Lom Lobon
  5980 | D        | Noticed Kueschiuwn the pandemonium lord
  5994 | D        | Reached skill level 15 in Dodging
  5997 | D        | Killed Kueschiuwn the pandemonium lord
  6052 | D        | Killed Lom Lobon
  6052 | D        | Arena points: 67499 (+16269) [x29]
  6053 | D        | Got a magical rune of Zot
  6063 | D        | Reached XP level 22. HP: 271/381 MP: 21/21
  6064 | D        | Reached XP level 23. HP: 279/393 MP: 22/22
  6066 | D        | Escaped with the Orb!

Action                   |  1- 3 |  4- 6 |  7- 9 | 10-12 | 13-15 | 16-18 | 19-21 | 22-24 || total
-------------------------+-------+-------+-------+-------+-------+-------+-------+-------++-------
Melee: Broad axe         |     8 |     5 |    24 |    31 |    88 |   166 |   387 |       ||   709
Throw: Javelin           |       |       |       |       |    19 |    50 |   116 |       ||   185
       Throwing net      |       |       |       |       |       |     2 |       |       ||     2
Invok: Lesser Healing    |     2 |    10 |       |     2 |       |       |     3 |       ||    17
       Lesser Self-Heali |       |     2 |     4 |     2 |     2 |       |       |       ||    10
       Greater Healing   |       |     1 |     3 |    33 |    16 |    37 |    32 |       ||   122
       Greater Self-Heal |       |       |       |     2 |     3 |     3 |    13 |       ||    21
       Divine Vigour     |       |       |       |     3 |     2 |     7 |     7 |       ||    19
       Purification      |       |       |       |       |       |     1 |       |       ||     1
 Abil: Device Recharging |       |     1 |     2 |    10 |    12 |     3 |       |       ||    28
Evoke: Wand              |     2 |     5 |    11 |    80 |    73 |    50 |    34 |       ||   255
       Rod               |       |       |       |       |       |     9 |     9 |       ||    18
       Quad damage       |       |       |       |       |       |       |     1 |       ||     1
  Use: Potion            |       |       |     1 |       |     4 |     7 |    23 |     1 ||    36
       Scroll            |       |       |       |     3 |    10 |    21 |    10 |       ||    44
 Stab: Distracted        |       |       |       |       |       |       |     2 |       ||     2
  Eat: Chunk             |       |       |     4 |    32 |    16 |    31 |    27 |       ||   110
       Royal jelly       |       |       |       |       |       |       |     4 |       ||     4
